 Dungeon Crawl Stone Soup version 0.26.0-8-g74fc34ddfb (webtiles) character file.

Game seed: 15676187738726712433

8084 axecop the Destroyer (level 11, -11/89 HPs)
             Began as a Green Draconian Conjurer on Jan 11, 2021.
             Was a Believer of Vehumet.
             Mangled by a white ugly thing (15 damage)
             ... on level 10 of the Dungeon on Jan 12, 2021.
             The game lasted 00:20:29 (13974 turns).

axecop the Destroyer (Green Draconian Conjurer)    Turns: 13974, Time: 00:20:29

Health: -11/89     AC:  9    Str: 10    XL:     11   Next: 5%
Magic:  18/25      EV: 18    Int: 21    God:    Vehumet [**....]
Gold:   515        SH:  0    Dex: 10    Spells: 17/30 levels left

rFire    . . .     SeeInvis .   a - +3 hand axe (freeze)
rCold    . . .     Faith    .   (no shield)
rNeg     . . .     Spirit   .   (armour unavailable)
rPois    +         Reflect  .   (helmet restricted)
rElec    .         Harm     .   q - scarf {repulsion}
rCorr    .         Rampage  .   f - +0 pair of gloves
Will     .....                  o - +0 pair of boots
Stlth    ++........             (no amulet)
HPRegen  0.24/turn              G - ring of wizardry
MPRegen  0.19/turn              B - +4 ring of evasion

@: about to teleport, short of breath, slowed, repel missiles, very slow
A: breathe noxious fumes, unfitting armour, poison resistance, cold-blooded, AC
+7
a: Breathe Noxious Fumes, Renounce Religion


You were on level 10 of the Dungeon.
You worshipped Vehumet.
Vehumet was pleased with you.
You visited 2 branches of the dungeon, and saw 11 of its levels.

You collected 515 gold pieces.

Inventory:

Hand Weapons
 a - a +3 hand axe of freezing (weapon)
 b - the +1 hand crossbow "Uvuazo" {flame, rC+ Int+3}
   (You found it on level 4 of the Dungeon)

   It causes projectiles fired from it to burn those they strike, causing extra
   injury to most foes and up to half again as much damage against particularly
   susceptible opponents.
   It affects your intelligence (+3).
   It protects you from cold.
 e - a +0 short sword
 n - a +0 dagger of holy wrath
 A - a +2 quarterstaff of chaos
Missiles
 g - 187 stones
 l - 78 poisoned darts (quivered)
 r - 22 sling bullets
Armour
 f - a +0 pair of gloves (worn)
 o - a +0 pair of boots (worn)
 q - a scarf of repulsion (worn)
 z - a +0 cloak
 J - a +0 kite shield
Jewellery
 B - a +4 ring of evasion (right hand)
 C - a +6 ring of strength
 G - a ring of wizardry (left hand)
 K - an uncursed ring of see invisible
Wands
 c - a wand of acid (3)
 p - a wand of disintegration (31)
 u - a wand of digging (5)
 x - a wand of polymorph (18)
 y - a wand of flame (63)
Scrolls
 d - 4 scrolls of enchant armour
 i - a scroll of amnesia
 j - 3 scrolls of teleportation
 s - 2 scrolls of immolation
 v - a scroll of remove curse
 D - a scroll of magic mapping
 F - a scroll of vulnerability
Potions
 h - 2 potions of attraction
 m - a potion of haste
 t - 2 potions of might
 w - a potion of ambrosia {unknown}
 E - a potion of curing


   Skills:
 + Level 6.3 Fighting
 - Level 0.7 Short Blades
 + Level 5.9 Dodging
 - Level 2.1 Stealth
 - Level 0.4 Unarmed Combat
 + Level 10.1 Spellcasting
 + Level 10.8 Conjurations


You had 17 spell levels left.
You knew the following spells:

 Your Spells              Type           Power        Failure   Level
a - Magic Dart            Conj           100%         1%          1
b - Searing Ray           Conj           100%         1%          2
c - Dazzling Flash        Conj/Hex       66%          1%          3
d - Iskenderun's Mystic   Conj/Tloc      33%          2%          4
e - Mephitic Cloud        Conj/Pois/Air  25%          1%          3

Your spell library contained the following spells:

 Spells                   Type           Power        Failure   Level
 Static Discharge         Conj/Air       33%          1%          3
 Animate Skeleton         Necr           20%          2%          1
 Apportation              Tloc           20%          2%          1
 Corona                   Hex            11%          2%          1
 Sting                    Tmut/Pois      40%          2%          1
 Summon Small Mammal      Summ           40%          2%          1
 Fulminant Prism          Conj/Hex       16%          2%          4
 Poisonous Vapours        Pois/Air       20%          4%          2
 Ignite Poison            Fire/Tmut/Pois 10%          8%          3
 Olgreb's Toxic Radiance  Pois           10%          26%         4


Dungeon Overview and Level Annotations

Branches:
Dungeon (10/15)            Temple (1/1) D:5            Lair (0/6) D:8
    Orc (0/2) D:10

Altars:
Ashenzari
Cheibriados
Dithmenos
Elyvilon
Fedhas
Hepliaklqana
Nemelex Xobeh
Ru
Sif Muna
Uskayaw
Vehumet
Wu Jian
Xom
Yredelemnul
The Shining One

Shops:
D:8 (

Annotations:
D:2 2 transporters
D:8 1 runed translucent door, Warped's ghost, journeyman HaHu
D:10 1 runed translucent door


Innate Abilities, Weirdness & Mutations

You can breathe blasts of noxious fumes.
Your lurid green scales are hard. (AC +7)
You cannot fit into any form of body armour.
Your system is resistant to poisons. (rPois)
You are cold-blooded and may be slowed by cold attacks.


Message History

The wyvern is engulfed in noxious fumes.
The wyvern appears confused.
Unknown command.
Press: ? - help, v - describe, . - travel
Here: a red devil, wielding a +0 trident (summoned)
The floor.
Unknown command.
Okay, then.
As you read the scroll of teleportation, it crumbles to dust.
You feel strangely unstable.
The kobold demonologist hits the red devil but does no damage.
A jackal comes into view.
The red devil hits you from afar with a +0 trident!!
* * * LOW HITPOINT WARNING * * *
The wyvern is engulfed in noxious fumes.
The wyvern appears confused.
The wyvern completely misses you. The white ugly thing engulfs you.
* * * LOW HITPOINT WARNING * * *
The white ugly thing freezes you!
You feel yourself slow down.
You die...

..#.....# ##?#..#
..#.....# #8J8..#
..#.....## #.....#
..#......######..4J.#
..#.................#
..+....#...#######Kh#
..#....#...#######4.#
..#....##.......ulJ##
..#.... #.......@###
..#.... #........#
..#.. #........#
..### #........#
....# #........#
....# #........#
....# #........#
....#####........#
.............[...#


You could see a white ugly thing, a slime creature, a kobold demonologist
(confused), a red devil (summoned), a wyvern (confused) and a jackal
(wandering).

Vanquished Creatures
  A boulder beetle (D:9)
  A two-headed ogre (D:9)
  A centaur skeleton (D:10)
  A komodo dragon (D:10)
  2 trolls
  4 wargs (D:10)
  A soldier ant (D:7)
  3 water moccasins (D:8)
  Duvessa (D:6)
  3 black bears
  3 sky beasts
  2 orc warriors
  An ice beast (D:7)
  6 ogres
  3 phantoms
  3 centaurs
  A big kobold (D:7)
  14 bullfrogs
  A gnoll sergeant (D:9)
  Dowan (D:6)
  4 scorpions
  4 killer bees (D:8)
  A howler monkey (D:8)
  2 centaur zombies
  2 jellies
  8 orc priests
  4 hounds
  Crazy Yiuf (D:6)
  2 bullfrog skeletons
  Jessica (D:2)
  Ijyb (D:4)
  Terence (D:2)
  2 iguanas
  10 orc wizards
  7 worker ants
  A killer bee zombie (D:8)
  A hound skeleton (D:9)
  2 worker ant zombies
  4 gnolls
  4 adders
  3 shadow imps (D:9)
  2 white imps (D:8)
  An ooze (D:3)
  5 ufetubi
  An adder zombie (D:7)
  An adder skeleton (D:4)
  4 worms
  3 dart slugs
  6 leopard geckos
  38 orcs
  3 giant cockroaches
  6 goblins
  4 hobgoblins
  8 jackals
  7 quokkas
  3 ball pythons
  5 bats
  5 frilled lizards
  A jackal skeleton (D:4)
  11 kobolds
  A leopard gecko skeleton (D:4)
  A quokka skeleton (D:4)
  9 rats
243 creatures vanquished.

Vanquished Creatures (others)
  57 fungi (D:8)
  53 plants (D:8)
110 creatures vanquished.

Grand Total: 353 creatures vanquished

Notes
Turn   | Place    | Note
-------+----------+-------------------------------------------
     0 | D:1      | axecop the Draconian Conjurer began the quest for the Orb.
     0 | D:1      | Reached XP level 1. HP: 14/14 MP: 3/3
    30 | D:1      | Upgraded the game from 0.26.0-7-g794d0892b4 to
                  | 0.26.0-8-g74fc34ddfb
   486 | D:1      | Reached XP level 2. HP: 19/20 MP: 0/5
   679 | D:1      | Learned a level 2 spell: Searing Ray
  1188 | D:2      | Noticed Jessica
  1194 | D:2      | Killed Jessica
  1195 | D:2      | Reached XP level 3. HP: 26/26 MP: 0/6
  1201 | D:2      | Learned a level 3 spell: Dazzling Flash
  1475 | D:2      | Found a transporter.
  1475 | D:2      | Found a transporter.
  1476 | D:2      | Noticed an orc warrior
  1477 | D:2      | Noticed a wyvern
  1770 | D:2      | Noticed Terence
  1780 | D:2      | Reached XP level 4. HP: 29/33 MP: 1/7
  1810 | D:2      | Found a glowing golden altar of the Shining One.
  1812 | D:2      | Found an ornate altar of the Wu Jian Council.
  1848 | D:2      | Killed Terence
  1849 | D:2      | Reached skill level 5 in Conjurations
  2530 | D:3      | Reached XP level 5. HP: 34/38 MP: 9/9
  3320 | D:4      | Noticed a phantom
  3330 | D:4      | Killed a phantom
  3331 | D:4      | Reached XP level 6. HP: 41/45 MP: 3/11
  3568 | D:4      | Noticed Ijyb
  3636 | D:4      | Killed Ijyb
  3658 | D:4      | Got a fine hand crossbow
  3668 | D:4      | Identified the +1 hand crossbow "Uvuazo" {flame, rC+ Int+3}
                  | (You found it on level 4 of the Dungeon)
  3908 | D:5      | Entered Level 5 of the Dungeon
  4025 | D:4      | Your scales start taking on a lurid green colour.
  4025 | D:4      | Reached XP level 7. HP: 35/50 MP: 3/14
  4025 | D:4      | Gained mutation: Your system is resistant to poisons.
                  | (rPois) [Green Draconian growth]
  4153 | D:5      | Reached skill level 5 in Spellcasting
  4486 | D:5      | Learned a level 4 spell: Iskenderun's Mystic Blast
  5272 | D:5      | Found a staircase to the Ecumenical Temple.
  6483 | D:5      | Reached XP level 8. HP: 27/57 MP: 8/17
  6967 | D:6      | Noticed Duvessa
  6985 | D:6      | Killed Duvessa
  6989 | D:6      | Noticed Dowan
  7175 | D:6      | Killed Dowan
  7681 | D:6      | Found a runed translucent door.
  7682 | D:6      | Noticed Crazy Yiuf
  7691 | D:6      | Killed Crazy Yiuf
  8392 | D:7      | Reached XP level 9. HP: 60/62 MP: 10/21
  8473 | Temple   | Entered the Ecumenical Temple
  8563 | Temple   | Became a worshipper of Vehumet
  9643 | D:7      | Learned a level 3 spell: Mephitic Cloud
  9705 | D:8      | Found Sedikhlu's Antique Weapon Emporium.
  9718 | D:8      | Reached skill level 1 in Fighting
  9937 | D:8      | Reached * piety under Vehumet
  9937 | D:8      | Offered knowledge of Freeze by Vehumet.
 10239 | D:8      | Found a staircase to the Lair.
 10853 | D:8      | Found a runed translucent door.
 10858 | D:8      | Noticed Warped's ghost (journeyman HaHu)
 10933 | D:8      | Reached XP level 10. HP: 68/77 MP: 17/23
 11335 | D:9      | Reached skill level 10 in Conjurations
 11597 | D:9      | Reached ** piety under Vehumet
 11598 | D:9      | Offered knowledge of Sandblast by Vehumet.
 12111 | D:9      | Noticed a boulder beetle
 12377 | D:9      | Killed a boulder beetle
 12378 | D:9      | Reached skill level 5 in Fighting
 12378 | D:9      | Reached skill level 5 in Dodging
 12848 | D:9      | Noticed a two-headed ogre
 12859 | D:9      | Killed a two-headed ogre
 13210 | D:10     | Entered Level 10 of the Dungeon
 13233 | D:10     | Found a staircase to the Orcish Mines.
 13244 | D:10     | Offered knowledge of Static Discharge by Vehumet.
 13245 | D:10     | Reached skill level 10 in Spellcasting
 13423 | D:10     | Reached XP level 11. HP: 33/89 MP: 1/25
 13959 | D:10     | Noticed a white ugly thing
 13960 | D:10     | Found a large runed translucent door.
 13974 | D:10     | HP: 4/89 [white ugly thing (3)]
 13974 | D:10     | Mangled by a white ugly thing

Illustrated notes

Levels and vault maps discovered:
D:1:      dpeg_arrival_more_subterranean_lakeside_camping, layout_basic
D:2:      layout_loops_cross, gammafunk_temple_overflow_arena, uniq_terence,
          uniq_jessica
D:3:      layout_basic
D:4:      cheibrodos_barr_body, layout_cave_pools, grunt_ministairs_1, uniq_ijyb
D:5:      layout_basic, minmay_temple_entry_statues_pillars
D:6:      layout_rooms, uniq_duvessa, uniq_crazy_yiuf_cottage
D:7:      layout_layer_cave
D:8:      layout_basic, due_lair_maze_entry_diamond,
          ebering_ghost_reflecting_pool, serial_shops,
          nicolae_shop_competitors_out_of_business, grunt_ministairs_2,
          interstate_on_off, kennysheep_generic_room_13
D:9:      minmay_imperfect_grid, layout_basic, nzn_sisyphean_effort
D:10:     layout_irregular_city, minmay_orc_entry_guard_dogs,
          jmf_multi_god_temple2, uniq_maurice
Temple:   regret_index_temple_chain_breaker

Skill      XL: |  1  2  3  4  5  6  7  8  9 10 |
---------------+-------------------------------+-----
Dodging        | 2 4 5 |  5.9
Stealth        | 2 |  2.1
Conjurations   | 5 6 7 8 9 10 | 10.8
Spellcasting   | 3 4 6 8 9 10 | 10.1
Fighting       | 3 6 |  6.3
Short Blades   | |  0.7
Unarmed Combat | |  0.4

Action                   |  1- 3 |  4- 6 |  7- 9 | 10-12 || total
-------------------------+-------+-------+-------+-------++-------
Melee: Unarmed           |    38 |       |       |       ||    38
       Tailslap          |     3 |    13 |    11 |     6 ||    33
       Short sword       |    29 |   133 |       |       ||   162
       Hand axe          |       |     7 |   174 |    81 ||   262
Throw: Dart              |       |       |       |     8 ||     8
 Cast: Magic Dart        |    35 |       |       |     1 ||    36
       Searing Ray       |     8 |    16 |    55 |    34 ||   113
       Dazzling Flash    |       |     2 |     8 |     7 ||    17
       Iskenderun's Myst |       |       |     4 |    13 ||    17
       Mephitic Cloud    |       |       |       |     2 ||     2
 Abil: Breathe Noxious F |       |       |     6 |     5 ||    11
Evoke: Wand              |       |       |     4 |       ||     4
  Use: Potion            |       |     3 |     2 |       ||     5
       Scroll            |       |     7 |     3 |     8 ||    18
 Stab: Sleeping          |       |     4 |     3 |     4 ||    11
       Distracted        |       |       |     1 |       ||     1
Armor: Skin              |    32 |    62 |   101 |    35 ||   230
Dodge: Dodged            |    65 |   104 |   235 |   162 ||   566
       Repelled          |       |     1 |     3 |       ||     4
